 Dungeon Crawl Stone Soup version 0.17.2 (webtiles) character file.

75 Goblin1989 the Cudgeler (level 4, 0/49 HPs)
             Began as a Demonspawn Wanderer on June 30, 2016.
             Succumbed to an adder's poison
             ... on level 2 of the Dungeon on July 1, 2016.
             The game lasted 00:05:42 (2056 turns).

Goblin1989 the Cudgeler (Demonspawn Wanderer)       Turns: 2056, Time: 00:05:42

Health: 0/49       AC: 22    Str: 11    XL:     4   Next: 11%
Magic:  4/4        EV:  2    Int: 22    God:
Gold:   73         SH:  0    Dex: 20    Spells: 0 memorised, 3 levels left

rFire  . . .     SeeInvis .     q - +0 whip
rCold  . . .     Clarity  .     (armour currently unavailable)
rNeg   + + +     SustAt   .     (no shield)
rPois  +         Gourm    .     (helmet currently unavailable)
rElec  .         Spirit   .     (cloak currently unavailable)
rCorr  .         Warding  .     (gloves currently unavailable)
rMut   .         NoTele   +     (boots currently unavailable)
MR     .....                    (no amulet)
Stlth  ++++......               (no ring)
                                (no ring)

@: brilliant, agile, lethally poisoned (0 -> -2), tree-form, very slightly
contaminated, hasted, very quick, not resistant to hostile enchantments,
stealthy
A: (claws 0), thin skeletal structure 2, (fire resistance 0), (poison
resistance), subdued magic 1
a: no special abilities


You were on level 2 of the Dungeon.
You were near starving.
You were a tree.
You visited 1 branch of the dungeon, and saw 2 of its levels.

You collected 73 gold pieces.

Inventory:

Hand Weapons
 a - a +2 hand crossbow
 q - a +0 whip (weapon)
Missiles
 b - 29 bolts
Armour
 k - a +0 ring mail (melded)
Wands
 r - a wand of random effects (28)
Scrolls
 e - a scroll of teleportation {unknown}
 h - 4 scrolls of identify {unknown}
 j - a scroll of remove curse {unknown}
 m - a scroll of recharging {unknown}
Potions
 d - a potion of lignification {!q}
 g - a potion of brilliance
 i - a potion of haste
Comestibles
 f - 2 bread rations
 l - a slice of pizza
 n - 5 fruits


   Skills:
 - Level 2.0 Fighting
   Level 1.0 Long Blades
 + Level 3.4 Maces & Flails
 - Level 1.7 Crossbows
 - Level 1.0 Throwing
 - Level 1.0 Armour
 - Level 1.7 Dodging
   Level 1.0 Shields


You had 3 spell levels left.
You didn't know any spells.

Dungeon Overview and Level Annotations

Branches:
Dungeon (2/15)

Altars:
Xom


Innate Abilities, Weirdness & Mutations

You have a moderately thin skeletal structure (Dex +4, Stealth+).
((Your flesh is heat resistant.))
((You have sharp fingernails.))
((Your system is resistant to poisons.))
Your spells are a little easier to cast, but a little less powerful.


Message History

You take 1 damage, and have 2/40 hp.
You completely miss something. Something bites you but does no damage.
You barely miss something. Something bites you but does no damage.
You hit something.
Reactivating autopickup.
You have reached level 4!
You feel clever.
Your demonic ancestry asserts itself...
Your bones become somewhat less dense.
You feel a bit more experienced.
* * * LOW HITPOINT WARNING * * *
You feel sick.
You take 1 damage, and have 1/49 hp.
MP restored: 4 Drink which item? (? for menu, Esc to quit)
Okay, then.
There is a lethal amount of poison in your body!
* * * LOW HITPOINT WARNING * * *
You feel sick.
You take 1 damage, and have 1/49 hp.
You die...

#...# #..######### #...#
#..#........ #...#
#..#.####.(. .. #...#
#..#.####.#. . #...#
#..#......#.
.###...######..########.
..+...+.....>...)......
..#.)..################
#S####♣# #.####†#
#.#.b..# #÷..._.#
#......# #.....##
!.......# +.....####
#.....#


There were no monsters in sight!

Vanquished Creatures
  Terence (D:2)
  An adder (D:2)
  A worm (D:2)
  A giant gecko (D:1)
  4 bats (D:1)
  5 giant cockroaches
  4 goblins (D:1)
  2 hobgoblins
  8 kobolds
  3 giant newts (D:1)
  7 rats
37 creatures vanquished.

Notes
Turn   | Place    | Note
--------------------------------------------------------------
     0 | D:1      | Goblin1989 the Demonspawn Wanderer began the quest for the Orb.
     0 | D:1      | Goblin1989 set off with: a +2 hand crossbow, 29 bolts, a +0 mace, a potion of lignification {!q}, a +0 robe, a bread ration
     0 | D:1      | Reached XP level 1. HP: 16/16 MP: 1/1
    84 | D:1      | Reached skill level 1 in Maces & Flails
   176 | D:1      | Gained mutation: Your flesh is heat resistant. [demonic ancestry]
   176 | D:1      | Reached XP level 2. HP: 20/22 MP: 2/2
   938 | D:1      | Gained mutation: You have a somewhat thin skeletal structure (Dex +2, Stealth). [demonic ancestry]
   938 | D:1      | Reached XP level 3. HP: 25/27 MP: 3/3
  1395 | D:2      | Noticed Terence
  1430 | D:2      | Killed Terence
  1430 | D:2      | Reached skill level 3 in Maces & Flails
  1691 | D:2      | Found a shimmering altar of Xom.
  2038 | D:2      | Gained mutation: You have sharp fingernails. [potion of mutation]
  2038 | D:2      | Gained mutation: Your spells are a little easier to cast, but a little less powerful. [potion of mutation]
  2038 | D:2      | Gained mutation: Your system is resistant to poisons. [potion of mutation]
  2046 | D:2      | HP: 2/40 [poisoned by an adder]
  2049 | D:2      | Gained mutation: You have a moderately thin skeletal structure (Dex +4, Stealth+). [demonic ancestry]
  2049 | D:2      | Reached XP level 4. HP: 2/33 MP: 4/4
  2052 | D:2      | HP: 1/49 [poisoned by an adder]
  2056 | D:2      | Succumbed to an adder's poison

Action                   |  1- 3 |  4- 6 || total
-------------------------+-------+-------++-------
Melee: Mace              |   146 |       ||   146
       Whip              |    50 |       ||    50
 Fire: Hand crossbow     |     3 |       ||     3
Evoke: Wand              |     2 |       ||     2
  Use: Potion            |     6 |       ||     6
 Stab: Sleeping          |     3 |       ||     3
  Eat: Chunk             |     3 |       ||     3
